[ AOE2 MATCH · #495836595 ]
UnrankedBurgundians vs Turks
Player's team · WIN
Rival team · LOSS
[ REPLAY ANALYSIS · EXTRACTED FROM THE RECORDED GAME ]
Feudal
9:33
Castle
20:54
Imperial
—
| APM avg | 19.9 |
| APM peak | 32 |
| eAPM avg | 11.8 |
| Villagers / military | 54 / 85 |
Focus
⚔️ 35.1% · 🌾 64.9%
Knight ×76 · Scout Cavalry ×5 · Battering Ram ×4
Feudal
9:45
Castle
17:35
Imperial
—
| APM avg | 25.1 |
| APM peak | 46 |
| eAPM avg | 16.0 |
| Villagers / military | 47 / 24 |
Focus
⚔️ 34.4% · 🌾 65.6%
Spearman ×17 · Janissary ×7
Match map
Initial resources + every placement click. Lines = walls · curves = elevation contours. ◆ gold · ⬟ stone · ● berries · ✦ relic · ◌ wall gap
Your base· Open — 4t gap
wqq1997's base· Open — unwalled flank
Smoothed initial terrain · ◌ = detected wall gap · hover for details
Inputs per minute
— LRNI Michel - - wqq1997
Build order — LRNI Michel
First 150 of 219 actions detected
| 0:12 | Build | Town Center |
| 0:25 | Build | House |
| 1:20 | Create | Villager (Male) |
| 1:21 | Create | Villager (Male) |
| 1:21 | Create | Villager (Male) |
| 1:55 | Create | Villager (Male) |
| 1:56 | Create | Villager (Male) |
| 2:01 | Build | Lumber Camp |
| 2:47 | Create | Villager (Male) |
| 2:47 | Create | Villager (Male) |
| 3:01 | Create | Villager (Male) |
| 3:01 | Create | Villager (Male) |
| 3:21 | Build | Mill |
| 3:33 | Create | Villager (Male) |
| 3:33 | Create | Villager (Male) |
| 3:59 | Create | Villager (Male) |
| 5:02 | Create | Villager (Male) |
| 5:31 | Create | Villager (Male) |
| 5:31 | Create | Villager (Male) |
| 5:32 | Create | Villager (Male) |
| 5:32 | Create | Villager (Male) |
| 5:33 | Create | Villager (Male) |
| 5:33 | Create | Villager (Male) |
| 6:35 | Research | Loom |
| 7:05 | Research | Double-Bit Axe |
| 7:16 | Build | Lumber Camp |
| 7:23 | Research | Feudal Age |
| 8:16 | Build | Barracks |
| 8:49 | Build | House |
| 8:51 | Create | Villager (Male) |
| 8:57 | Create | Villager (Male) |
| 9:17 | Build | Farm |
| 9:27 | Build | Farm |
| 9:33 | Age | Feudal Age |
| 9:36 | Build | Stable |
| 9:47 | Create | Villager (Male) |
| 10:17 | Create | Scout Cavalry |
| 10:19 | Create | Scout Cavalry |
| 10:19 | Create | Scout Cavalry |
| 10:23 | Build | Farm |
| 10:23 | Build | Farm |
| 10:28 | Build | Farm |
| 10:29 | Build | Farm |
| 10:37 | Create | Villager (Male) |
| 11:13 | Build | House |
| 11:15 | Create | Villager (Male) |
| 11:21 | Build | Farm |
| 11:23 | Research | Horse Collar |
| 11:50 | Create | Scout Cavalry |
| 11:55 | Build | Farm |
| 11:59 | Build | Palisade Wall |
| 12:21 | Create | Scout Cavalry |
| 12:40 | Create | Villager (Male) |
| 13:16 | Create | Villager (Male) |
| 13:16 | Create | Villager (Male) |
| 13:17 | Create | Villager (Male) |
| 13:17 | Create | Villager (Male) |
| 13:21 | Build | Farm |
| 13:36 | Build | Farm |
| 13:46 | Build | Farm |
| 13:51 | Build | House |
| 13:55 | Build | House |
| 13:57 | Build | House |
| 14:06 | Build | Farm |
| 14:09 | Create | Villager (Male) |
| 14:39 | Create | Villager (Male) |
| 15:03 | Build | Farm |
| 15:08 | Create | Villager (Male) |
| 15:54 | Build | Archery Range |
| 15:57 | Build | Stable |
| 16:05 | Build | Mining Camp |
| 16:09 | Create | Villager (Male) |
| 16:10 | Create | Villager (Male) |
| 16:39 | Create | Villager (Male) |
| 17:46 | Build | Blacksmith |
| 18:14 | Research | Castle Age |
| 18:41 | Build | Farm |
| 18:42 | Build | Farm |
| 18:42 | Build | Farm |
| 18:42 | Build | Farm |
| 18:51 | Research | Scale Barding Armor |
| 18:52 | Research | Forging |
| 18:57 | Build | Mining Camp |
| 19:09 | Build | House |
| 19:14 | Build | Palisade Wall |
| 19:51 | Research | Gold Mining |
| 19:59 | Research | Bow Saw |
| 20:46 | Create | Villager (Male) |
| 20:47 | Create | Villager (Male) |
| 20:54 | Age | Castle Age |
| 20:56 | Research | Chain Barding Armor |
| 21:01 | Research | Cavalier (upgrade) |
| 21:02 | Create | Knight |
| 21:02 | Create | Knight |
| 21:03 | Create | Knight |
| 21:09 | Build | Stable |
| 21:11 | Create | Knight |
| 21:25 | Build | Farm |
| 21:32 | Build | Farm |
| 21:39 | Build | Farm |
| 21:42 | Create | Knight |
| 21:43 | Create | Knight |
| 21:44 | Create | Knight |
| 21:51 | Create | Knight |
| 21:51 | Create | Knight |
| 22:00 | Build | Farm |
| 22:00 | Build | Farm |
| 22:01 | Build | Farm |
| 22:01 | Build | Farm |
| 22:08 | Create | Villager (Male) |
| 22:10 | Create | Villager (Male) |
| 22:38 | Build | Palisade Gate |
| 22:46 | Create | Knight |
| 22:47 | Create | Knight |
| 22:48 | Create | Knight |
| 22:48 | Create | Knight |
| 22:55 | Build | House |
| 22:57 | Build | House |
| 23:02 | Build | House |
| 23:03 | Build | House |
| 23:13 | Create | Knight |
| 23:13 | Create | Knight |
| 23:13 | Create | Knight |
| 23:14 | Create | Knight |
| 23:49 | Create | Knight |
| 23:50 | Create | Knight |
| 23:50 | Create | Knight |
| 23:52 | Create | Knight |
| 24:25 | Create | Knight |
| 24:25 | Create | Knight |
| 24:25 | Create | Knight |
| 24:25 | Create | Knight |
| 24:40 | Create | Villager (Male) |
| 24:41 | Create | Villager (Male) |
| 24:41 | Create | Villager (Male) |
| 24:42 | Create | Villager (Male) |
| 24:47 | Build | Farm |
| 24:47 | Build | Farm |
| 24:47 | Build | Farm |
| 24:47 | Build | Farm |
| 25:02 | Create | Knight |
| 25:02 | Create | Knight |
| 25:02 | Create | Knight |
| 25:03 | Create | Knight |
| 25:04 | Create | Knight |
| 25:26 | Create | Knight |
| 25:26 | Create | Knight |
| 25:30 | Create | Villager (Male) |
| 25:58 | Create | Knight |
| 25:59 | Create | Knight |
Build order — wqq1997
112 actions detected in the replay
| 0:19 | Build | Mill |
| 0:42 | Build | Town Center |
| 2:34 | Create | Villager (Male) ×5 |
| 3:16 | Create | Villager (Male) |
| 4:21 | Build | House |
| 4:26 | Build | House |
| 4:43 | Create | Villager (Male) |
| 5:04 | Create | Villager (Male) |
| 5:39 | Create | Villager (Male) |
| 5:54 | Create | Villager (Male) |
| 6:11 | Build | Lumber Camp |
| 6:27 | Create | Villager (Male) |
| 6:27 | Create | Villager (Male) |
| 6:54 | Create | Villager (Male) |
| 7:28 | Research | Feudal Age |
| 7:28 | Research | Feudal Age |
| 7:57 | Create | Villager (Male) |
| 7:57 | Create | Villager (Male) |
| 7:57 | Create | Villager (Male) |
| 8:36 | Build | Mining Camp |
| 8:42 | Create | Villager (Male) |
| 8:43 | Create | Villager (Male) |
| 9:17 | Create | Villager (Male) |
| 9:34 | Research | Loom |
| 9:39 | Create | Villager (Male) |
| 9:39 | Create | Villager (Male) |
| 9:45 | Age | Feudal Age |
| 10:07 | Create | Villager (Male) |
| 10:13 | Research | Double-Bit Axe |
| 10:50 | Build | Watch Tower |
| 11:14 | Create | Villager (Male) |
| 11:14 | Create | Villager (Male) |
| 11:26 | Build | Barracks |
| 11:32 | Create | Villager (Male) |
| 12:05 | Create | Spearman |
| 12:05 | Create | Spearman |
| 12:29 | Create | Spearman |
| 12:38 | Create | Villager (Male) |
| 12:38 | Create | Villager (Male) |
| 13:21 | Create | Villager (Male) |
| 13:34 | Build | Market |
| 13:55 | Create | Villager (Male) |
| 14:18 | Build | Blacksmith |
| 14:30 | Create | Spearman |
| 14:55 | Research | Castle Age |
| 15:04 | Create | Spearman |
| 15:04 | Create | Spearman |
| 15:09 | Build | House |
| 15:13 | Build | House |
| 15:26 | Build | Mining Camp |
| 16:16 | Research | Stone Mining |
| 16:30 | Build | Farm |
| 16:33 | Build | Farm |
| 16:35 | Build | Farm |
| 16:36 | Build | Farm |
| 16:57 | Create | Villager (Male) |
| 16:57 | Create | Villager (Male) |
| 17:35 | Age | Castle Age |
| 17:54 | Build | Town Center |
| 18:10 | Research | Bow Saw |
| 18:11 | Create | Villager (Male) |
| 18:12 | Create | Villager (Male) |
| 18:34 | Build | Palisade Wall |
| 18:35 | Build | Palisade Wall |
| 18:42 | Build | Palisade Gate |
| 18:51 | Create | Villager (Male) |
| 18:51 | Create | Villager (Male) |
| 19:11 | Create | Villager (Male) |
| 19:18 | Build | Town Center |
| 19:31 | Build | Stone Wall |
| 20:00 | Create | Villager (Male) |
| 20:08 | Research | Horse Collar |
| 20:38 | Create | Villager (Male) |
| 20:38 | Create | Villager (Male) |
| 20:45 | Build | Farm |
| 20:46 | Build | Farm |
| 20:48 | Build | Farm |
| 21:05 | Build | Stone Wall |
| 21:13 | Create | Villager (Male) |
| 21:50 | Create | Villager (Male) |
| 21:50 | Create | Villager (Male) |
| 21:57 | Build | Farm |
| 21:58 | Build | Farm |
| 21:59 | Build | Farm |
| 22:09 | Build | Farm |
| 22:48 | Build | Castle |
| 23:06 | Build | Stone Wall |
| 23:09 | Build | Gate |
| 23:25 | Create | Spearman |
| 23:25 | Create | Spearman |
| 23:43 | Create | Spearman |
| 24:03 | Create | Spearman |
| 24:28 | Create | Villager (Male) ×5 |
| 25:14 | Create | Spearman |
| 25:14 | Create | Spearman |
| 25:15 | Create | Spearman |
| 25:15 | Create | Spearman |
| 26:01 | Build | Barracks |
| 26:20 | Create | Spearman |
| 27:01 | Create | Janissary |
| 27:01 | Create | Janissary |
| 27:31 | Build | Stone Wall |
| 28:23 | Create | Janissary |
| 28:24 | Create | Janissary |
| 28:24 | Create | Janissary |
| 28:48 | Build | Town Center |
| 30:26 | Build | Town Center |
| 31:21 | Create | Janissary |
| 31:21 | Create | Janissary |
| 31:35 | Create | Spearman |
| 31:35 | Create | Spearman |
| 33:24 | Build | Farm |
Match timeline
| 8:16 | LRNI Michel · first_building Barracks |
| 9:33 | LRNI Michel · age_up feudal |
| 9:36 | LRNI Michel · first_building Stable |
| 9:45 | wqq1997 · age_up feudal |
| 11:26 | wqq1997 · first_building Barracks |
| 11:59 | LRNI Michel · wall_segment Palisade Wall x9 |
| 14:53 | wqq1997 · first_market_sell 100 stone |
| 15:54 | LRNI Michel · first_building Archery Range |
| 17:35 | wqq1997 · age_up castle |
| 18:07 | wqq1997 · first_market_buy 100 food |
| 18:34 | wqq1997 · wall_segment Palisade Wall x6 |
| 18:35 | wqq1997 · wall_segment Palisade Wall x3 |
| 19:14 | LRNI Michel · wall_segment Palisade Wall x12 |
| 19:31 | wqq1997 · wall_segment Stone Wall x25 |
| 20:54 | LRNI Michel · age_up castle |
| 21:05 | wqq1997 · wall_segment Stone Wall x26 |
| 22:48 | wqq1997 · first_building Castle |
| 23:06 | wqq1997 · wall_segment Stone Wall x6 |
| 27:31 | wqq1997 · wall_segment Stone Wall x14 |
| 30:25 | LRNI Michel · first_building Siege Workshop |
| 30:38 | LRNI Michel · first_market_sell 100 food |
| 33:36 | wqq1997 · resign |
[ AI ANALYSIS · 1 CREDIT ]
What really happened in this match?
Wolo.gg analyzes every decision: build order, eco, micro, common mistakes by bracket. Personalized analysis on WhatsApp or Discord in 30 seconds.
Civ guide
Burgundians
Perfil
LRNI Michel